 Dungeon Crawl Stone Soup version 0.17-a0-2127-g1cb09f6 (console) character file.

298 brucemayne the Insei (level 6, -5/47 HPs)
             Began as a Demonspawn Assassin on Oct 23, 2015.
             Was a Follower of Cheibriados.
             Slain by an orc warrior
             ... wielding a +0 trident
              (17 damage)
             ... on level 5 of the Dungeon.
             The game lasted 00:09:34 (1336 turns).

brucemayne the Insei (Demonspawn Assassin)          Turns: 1336, Time: 00:09:35

Health: -5/47      AC:  5    Str: 20    XL:     6   Next: 13%
Magic:  6/6        EV: 12    Int: 14    God:    Cheibriados [*.....]
Gold:   109        SH:  0    Dex: 17    Spells: 0 memorised, 5 levels left

rFire  . . .     SeeInvis .     b - +0 blowgun
rCold  . . .     Clarity  .     c - +0 robe
rNeg   . . .     SustAt   .     (no shield)
rPois  .         Gourm    .     (helmet restricted)
rElec  .         Spirit   .     k - +1 cloak
rCorr  .         Warding  .     (no gloves)
rMut   .         Stasis   .     t - +0 pair of boots
MR     +....                    (no amulet)
Stlth  +++.......               B - ring of protection from magic
                                i - ring of flight

@: mighty, very slow, somewhat resistant to hostile enchantments, fairly
stealthy
A: claws 2, horns 2, powered by pain 1
a: Bend Time, Renounce Religion, Evoke Flight


You were on level 5 of the Dungeon.
You worshipped Cheibriados.
Cheibriados was aware of your devotion.
You were not hungry.

You visited 1 branch of the dungeon, and saw 5 of its levels.

You collected 109 gold pieces.

Inventory:

Hand Weapons
 a - a +2 dagger
 b - a +0 blowgun (weapon)
 w - a +0 war axe
 z - the +10 long sword of Trog's Regard {flame, Int+4 SInv, unknown}
   (You found it on level 4 of the Dungeon)

   It has been specially enchanted to burn those struck by it, causing extra
   injury to most foes and up to half again as much damage against particularly
   susceptible opponents.
   Big, fiery blades are also staple armaments of hydra-hunters.
   It affects your intelligence (+4).
   It lets you see invisible.
Missiles
 e - 21 poisoned needles (quivered)
Armour
 c - a +0 robe (worn)
 d - a +0 cloak
 k - a +1 cloak (worn)
 m - a +0 ring mail
 t - a +0 pair of boots (worn)
Jewellery
 i - a ring of flight (left claw)
 B - a ring of protection from magic (right claw)
Scrolls
 j - 2 scrolls of teleportation
 l - 3 scrolls of identify {unknown}
 q - a scroll of amnesia {unknown}
 r - 2 scrolls of magic mapping {unknown}
 y - a scroll of noise {unknown}
 A - a scroll of fog {unknown}
 C - a scroll of recharging {unknown}
 E - a scroll of enchant weapon {unknown}
Potions
 h - a potion of lignification {unknown}
 n - 3 potions of heal wounds {unknown}
 o - 2 potions of ambrosia {unknown}
 p - a potion of might {unknown}
 x - a potion of invisibility {unknown}
Comestibles
 g - 2 bread rations
 s - 4 fruits
 u - 2 meat rations
 v - a beef jerky
 D - 6 chunks of flesh


   Skills:
 - Level 3.4 Fighting
 - Level 1.7 Short Blades
 - Level 1.7 Throwing
 - Level 2.4 Armour
 - Level 0.8 Dodging
 - Level 3.6 Stealth
 + Level 4.0 Unarmed Combat


You had 5 spell levels left.
You didn't know any spells.

Dungeon Overview and Level Annotations

Branches:
Dungeon (5/15)
 Temple: D:4-7

Altars:
Cheibriados
Sif Muna


Innate Abilities, Weirdness & Mutations

You have very sharp fingernails.
You have a pair of horns on your head.
You sometimes gain a little power by taking damage.


Message History

The orc warrior hits you from afar with a trident!!
* * * LOW HITPOINT WARNING * * *
Firing (i - inventory):
e - 23 poisoned needles (quivered)
Press: ? - help, Shift-Dir - straight line, f/p - orc warrior
Aim: an orc warrior, wielding a trident and wearing a plate armour (severely wounded, slow, poisoned)
You shoot a poisoned needle.
The poisoned needle closely misses the orc warrior.
Use which ability?
Okay, then.
You aren't carrying any items that can be evoked.
Unknown command.
Drink which item? (? for menu, Esc to quit)
Okay, then.
Firing (i - inventory):
e - 22 poisoned needles (quivered)
Press: ? - help, Shift-Dir - straight line, f/p - orc warrior
Aim: an orc warrior, wielding a trident and wearing a plate armour (severely wounded, slow, poisoned)
You shoot a poisoned needle.
The poisoned needle closely misses the orc warrior.
The orc warrior hits you from afar with a trident!
You die...

... #.# ##+## #.# ##...##
#(# #.....## ### #o#
.......## ##.###o#
........####...##o#######
....†<..'................
........###.....@.....###
......### #.#####.###.#
#.....# #.# #.# # ##...##
#.# #.# ##+## #.. ### ...
._.


You could see an orc warrior and 2 orcs.

Vanquished Creatures
  An ogre (D:4)
  Ijyb (D:2)
  3 worker ants
  Natasha (D:2)
  3 adders
  A worm (D:2)
  An orc (D:3)
  2 ball pythons
  2 giant cockroaches
  5 goblins
  3 hobgoblins
  4 bats
  2 giant newts
  9 jackals
  6 kobolds
  A quokka (D:3)
  3 rats (D:1)
48 creatures vanquished.

Notes
Turn   | Place    | Note
--------------------------------------------------------------
     0 | D:1      | brucemayne the Demonspawn Assassin began the quest for the Orb.
     0 | D:1      | Reached XP level 1. HP: 16/16 MP: 1/1
   213 | D:1      | Reached skill level 1 in Armour
   265 | D:1      | Gained mutation: You have sharp fingernails. [demonic ancestry]
   265 | D:1      | Reached XP level 2. HP: 13/22 MP: 2/2
   349 | D:1      | You fall through a shaft!
   550 | D:1      | Gained mutation: You have a pair of small horns on your head. [demonic ancestry]
   550 | D:1      | Reached XP level 3. HP: 26/28 MP: 3/3
   569 | D:2      | Noticed Ijyb
   571 | D:2      | Noticed Natasha
   596 | D:2      | Killed Natasha
   610 | D:2      | Killed Ijyb
   610 | D:2      | Gained mutation: You have very sharp fingernails. [demonic ancestry]
   610 | D:2      | Reached XP level 4. HP: 18/35 MP: 4/4
   650 | D:2      | Found a snail-covered altar of Cheibriados.
   663 | D:2      | Became a worshipper of Cheibriados the Contemplative
   774 | D:2      | Reached skill level 1 in Unarmed Combat
   987 | D:4      | Reached * piety under Cheibriados
  1022 | D:4      | Gained mutation: You sometimes gain a little power by taking damage. [demonic ancestry]
  1022 | D:4      | Reached XP level 5. HP: 39/41 MP: 5/5
  1152 | D:4      | Got a warped long sword
  1183 | D:4      | Noticed an ogre
  1196 | D:4      | Killed an ogre
  1196 | D:4      | Gained mutation: You have a pair of horns on your head. [demonic ancestry]
  1196 | D:4      | Reached XP level 6. HP: 32/47 MP: 6/6
  1295 | D:5      | Entered Level 5 of the Dungeon
  1300 | D:5      | Reached skill level 4 in Unarmed Combat
  1322 | D:5      | Found a deep blue altar of Sif Muna.
  1336 | D:5      | Slain by an orc warrior

Vault maps used:
D:1:      scummos_arrival_star, grunt_decor_one_mirror
D:2:      cheibriados_altar_1, grunt_ministairs_6, nrook_mini_backslash,
          uniq_iyjb, uniq_natasha
D:3:      kennysheep_six_static_rooms, first_bread, kennysheep_generic_room_4,
          uniq_grinder, uniq_jessica, uniq_robin
D:4:      grunt_temple_overflow_gold_and_silver, grunt_nemelex_the_gamble
D:5:      nicolae_overflow_crystal_walls, serial_shops, nicolae_shop_stone,
          minmay_misc_feat_tiny

Action                   |  1- 3 |  4- 6 || total
-------------------------+-------+-------++-------
Melee: Dagger            |    73 |    51 ||   124
 Fire: Blowgun           |    10 |    43 ||    53
  Use: Scroll            |       |     1 ||     1
 Stab: Sleeping          |     2 |     6 ||     8
  Eat: Chunk             |       |     1 ||     1
